 Dungeon Sprint DCSS version 0.20.1-1-g8b1a95d (webtiles) character file.

18414 Baril the Earth Mage (level 12, -5/84 HPs)
             Began as a Gargoyle Earth Elementalist on Sept 2, 2017.
             Was the Champion of Vehumet.
             Killed from afar by Lom Lobon (39 damage)
             ... with a great icy blast
             ... in the Dungeon (Sprint I: "Red Sonja").
             The game lasted 01:09:37 (4915 turns).

Baril the Earth Mage (Gargoyle Earth Elementalist)  Turns: 4915, Time: 01:09:43

Health: -5/84      AC: 20    Str: 16    XL:     12   Next: 58%
Magic:  0/27       EV: 11    Int: 20    God:    Vehumet [******]
Gold:   1018       SH:  0    Dex: 10    Spells: 12/33 levels left

rFire    + + +     SeeInvis +   a - +0 mace
rCold    x x .     Gourm    .   (no shield)
rNeg     + + +     Faith    .   y - +1 acid dragon scales
rPois    ∞         Spirit   .   r - +2 hat {SInv}
rElec    +         Reflect  .   (no cloak)
rCorr    +         Harm     .   w - +2 pair of gloves {Str+3}
MR       .....     NoTele   +   B - +2 pair of boots
Stlth    +.........             z - macabre finger necklace {rN+}
Regen    0.3/turn               v - ring of positive energy
MPRegen  0.2/turn               A - ring of fire
                                q - ring of fire

@: flying (expiring)
A: deformed body, fire resistance 1, negative energy resistance 1, electricity
resistance, unbreathing, petrification resistance, no potion heal 1, rot
immunity, AC +8
a: Renounce Religion


You were in the Dungeon.
You worshipped Vehumet.
Vehumet was exalted by your worship.
You were not hungry.

You visited 1 branch You collected 3264 gold pieces.
You spent 2246 gold pieces at shops.

Inventory:

Hand Weapons
 a - a +0 mace (weapon)
 b - a +0 blowgun
Missiles
 c - 10 sling bullets
 n - 7 curare-tipped needles
 p - 46 stones (quivered)
Armour
 g - a +0 robe
 r - a +2 hat of see invisible (worn)
 w - a +2 pair of gloves of strength (worn)
 y - +1 acid dragon scales (worn)
 B - a +2 pair of boots (worn)
Jewellery
 q - a ring of fire (on amulet)
 v - a ring of positive energy (left hand)
 z - the macabre finger necklace (around neck) {rN+}
   (You bought it in a shop in the Dungeon)

   [amulet of nothing]

   It protects you from negative energy.
 A - a ring of fire (right hand)
Wands
 u - a wand of confusion (36/48)
Scrolls
 d - a scroll of amnesia
 j - a scroll of blinking
 s - 2 scrolls of identify
Potions
 e - 3 potions of curing
 f - 2 potions of heal wounds
 i - a potion of invisibility
 o - a potion of lignification
 t - a potion of flight
 x - a potion of berserk rage
Books
 k - a book of Geomancy

   Spells                             Type                      Level
   a - Sandblast                      Earth                        1
   b - Passwall                       Transmutation/Earth          2
   c - Stone Arrow                    Conjuration/Earth            3
   d - Petrify                        Transmutation/Earth          4
   e - Lee's Rapid Deconstruction     Earth                        5
Comestibles
 m - 3 meat rations


   Skills:
 + Level 13.0 Fighting
 - Level 1.5 Dodging
 - Level 2.1 Stealth
 + Level 11.2 Spellcasting
 * Level 17.3 Conjurations
   Level 0.7 Transmutations
 * Level 12.9 Fire Magic
 * Level 19.3 Earth Magic


You had 12 spell levels left.
You knew the following spells:

 Your Spells              Type           Power        Failure   Level  Hunger
a - Sandblast             Erth           ######       0%          1    None
b - Stone Arrow           Conj/Erth      ######       0%          3    None
c - Lee's Rapid Deconstr  Erth           ######....   1%          5    ####...
d - Flame Tongue          Conj/Fire      #####        0%          1    None
e - Iron Shot             Conj/Erth      ######....   1%          6    ######.
f - Fireball              Conj/Fire      ########..   1%          5    ####...


Dungeon Overview and Level Annotations

Branches:
Dungeon (1/1)

Altars:
Cheibriados
Dithmenos
Elyvilon
Fedhas
Gozag
Hepliaklqana
Kikubaaqudgha
Makhleb
Nemelex Xobeh
Okawaru
Qazlal
Ru
Sif Muna
Trog
Uskayaw
Vehumet
Xom
Yredelemnul
Zin
The Shining One
Jiyva
Lugonu

Shops:
D ?::%!}?=[(!*=*(=::([!

Annotations:
D exclusion: oklob plant, Lom Lobon


Innate Abilities, Weirdness & Mutations

You are resistant to torment.
Your stone body is resilient. (AC +8)
You are immune to poison.
You resist negative energy. (rN+)
You are resistant to electric shocks. (rElec)
You can survive without breathing.
You are immune to petrification.
You are immune to rotting.
Armour fits poorly on your strangely shaped body.
Your flesh is heat resistant. (rF+)
Potions are less effective at restoring your health.


Message History

Aiming: Iron Shot
Press: ? - help, Shift-Dir - straight line, f/p - Lom Lobon
Aim: Lom Lobon (purple smoke, moderately wounded, surrounded by raging winds)
The iron shot misses Lom Lobon.
Lom Lobon hits you!
You feel your power leaking away.
Your system partially rejects the healing.
You feel much better. Lom Lobon barely misses you.
Casting: Iron Shot
Confirm with . or Enter, or press ? or * to list all spells.
Aiming: Sandblast
Press: ? - help, Shift-Dir - straight line, f/p - Lom Lobon
Aim: Lom Lobon (purple smoke, moderately wounded, surrounded by raging winds)
The blast of sand hits Lom Lobon.
Lom Lobon is moderately wounded.
p - 46 stones You are engulfed in raging winds.
Lom Lobon gestures at you.
Lom Lobon conjures a mighty blast of ice!
The great icy blast engulfs you!
You feel a painful chill!
You die...

################################
.....#§§#§§§.§§§@§§§..§#^^§§.§.#
)#...§#§#§####§&§§§##§§+§^#.§§.##
##...§.§#§#.###§§§#######§#.§§§§#
§#####§§§§#'#.###+# , #..#§§.§§#
.#..##+####^..#)# #..##§.§§#
§'.§#§...§#....## #..≈###+##
.#..#.§^§.'.....# #.)≈))#.#
###§###...#^....# #..≈.##+#
###.'.#...###++## #.&≈##§§§.


You could see Lom Lobon.

Vanquished Creatures
  A lorocyproca (D)
  A deep elf annihilator (D)
  A mummy priest (D)
  A hydra (D)
  2 centaur warriors (D)
  Sonja (D)
  2 unseen horrors (D)
  A deep troll (D)
  A lindwurm (D)
  An oklob plant (D)
  8 shining eyes (D)
  2 merfolk sirens (D)
  A gargoyle (D)
  2 kobold demonologists (D)
  4 demonic crawlers (D)
  A hellwing (D)
  A meliai (D)
  4 hornets (D)
  A slime creature (D)
  Sigmund (D)
  2 redbacks (D)
  A yak (D)
  13 hogs (D)
  7 floating eyes (D)
  7 necrophages (D)
  An ogre (D)
  8 jellies (D)
  Ijyb (D)
  3 ballistomycetes (D)
  A ballistomycete spore (D)
81 creatures vanquished.

Vanquished Creatures (others)
  A gargoyle (D)
  A hornet (D)
  3 ball lightnings (D)
  A ballistomycete spore (D)
6 creatures vanquished.

Grand Total: 87 creatures vanquished

Notes
Turn   | Place    | Note
-------+----------+-------------------------------------------
     0 | D        | Baril the Gargoyle Earth Elementalist began the quest for the Orb.
     0 | D        | Reached XP level 1. HP: 10/10 MP: 3/3
     3 | D        | Noticed Ijyb
    18 | D        | Killed Ijyb
    18 | D        | Reached skill level 6 in Earth Magic
    18 | D        | Reached XP level 2. HP: 11/18 MP: 0/6
    18 | D        | Reached XP level 3. HP: 14/22 MP: 0/7
   194 | D        | Learned a level 3 spell: Stone Arrow
   198 | D        | Noticed an ogre
   200 | D        | Killed an ogre
   200 | D        | Reached skill level 7 in Earth Magic
   200 | D        | Reached XP level 4. HP: 29/29 MP: 6/10
   259 | D        | Noticed Sigmund
   264 | D        | Killed Sigmund
   264 | D        | Reached skill level 5 in Fighting
   264 | D        | Reached skill level 5 in Spellcasting
   264 | D        | Reached skill level 9 in Earth Magic
   264 | D        | Reached XP level 5. HP: 32/35 MP: 5/12
   264 | D        | Reached XP level 6. HP: 36/40 MP: 5/13
   271 | D        | Learned a level 5 spell: Lee's Rapid Deconstruction
   333 | D        | Found a burning altar of Makhleb.
   333 | D        | Found a viscous altar of Jiyva.
   333 | D        | Found a shimmering altar of Xom.
   333 | D        | Found a corrupted altar of Lugonu.
   333 | D        | Noticed a slime creature
   338 | D        | Killed a slime creature
   338 | D        | Reached skill level 11 in Earth Magic
   338 | D        | Reached XP level 7. HP: 47/47 MP: 0/15
   442 | D        | Found a deep blue altar of Sif Muna.
   445 | D        | Found a radiant altar of Vehumet.
   461 | D        | Became a worshipper of Vehumet
   478 | D        | Found Duisu's Food Emporium.
   478 | D        | Found an ancient bone altar of Kikubaaqudgha.
   478 | D        | Found a hazy altar of Hepliaklqana.
   478 | D        | Found a stormy altar of Qazlal.
   478 | D        | Found a hide-covered altar of Uskayaw.
   478 | D        | Found a blossoming altar of Fedhas.
   478 | D        | Found a bloodstained altar of Trog.
   478 | D        | Found an iron altar of Okawaru.
   478 | D        | Found a basalt altar of Yredelemnul.
   478 | D        | Found a glowing golden altar of the Shining One.
   478 | D        | Found a snail-covered altar of Cheibriados.
   478 | D        | Found a sacrificial altar of Ru.
   478 | D        | Found a glowing silver altar of Zin.
   478 | D        | Found a shadowy altar of Dithmenos.
   478 | D        | Found a white marble altar of Elyvilon.
   478 | D        | Noticed a yak
   483 | D        | Killed a yak
   484 | D        | Found an opulent altar of Gozag.
   485 | D        | Found a sparkling altar of Nemelex Xobeh.
   489 | D        | Bought a royal jelly for 20 gold pieces
   489 | D        | Bought 3 fruits for 45 gold pieces
   489 | D        | Bought a royal jelly for 20 gold pieces
   604 | D        | Noticed Sonja
   606 | D        | Killed Sonja
   606 | D        | Reached skill level 10 in Conjurations
   606 | D        | Reached skill level 12 in Earth Magic
   606 | D        | Reached XP level 8. HP: 54/54 MP: 10/18
   673 | D        | Found Gaetz's Magic Scroll Boutique.
   693 | D        | Noticed a deep troll
   698 | D        | Killed a deep troll
   698 | D        | Reached * piety under Vehumet
   698 | D        | Offered knowledge of Flame Tongue by Vehumet.
   698 | D        | Reached skill level 13 in Earth Magic
   698 | D        | Reached XP level 9. HP: 59/60 MP: 3/20
   701 | D        | Learned a level 1 spell: Flame Tongue
   711 | D        | Found Ruetziwn's Armour Emporium.
   719 | D        | Bought a +2 hat of see invisible for 210 gold pieces
   761 | D        | Bought a scroll of remove curse for 30 gold pieces
   774 | D        | Bought a scroll of identify for 20 gold pieces
   840 | D        | Bought a scroll of identify for 20 gold pieces
   912 | D        | Noticed a kobold demonologist
   914 | D        | Noticed a kobold demonologist
   915 | D        | Reached skill level 1 in Fire Magic
   917 | D        | Killed a kobold demonologist
   917 | D        | Reached skill level 14 in Earth Magic
   919 | D        | Killed a kobold demonologist
   919 | D        | Reached ** piety under Vehumet
   919 | D        | Offered knowledge of Magic Dart by Vehumet.
  1047 | D        | Noticed a centaur warrior
  1047 | D        | Noticed a centaur warrior
  1061 | D        | Killed a centaur warrior
  1061 | D        | Reached skill level 5 in Fire Magic
  1142 | D        | Killed a centaur warrior
  1142 | D        | Reached skill level 10 in Fighting
  1142 | D        | Reached skill level 15 in Earth Magic
  1142 | D        | Reached XP level 10. HP: 21/68 MP: 14/22
  1384 | D        | Offered knowledge of Inner Flame by Vehumet.
  1498 | D        | Noticed an oklob plant
  1505 | D        | Killed an oklob plant
  1505 | D        | Reached *** piety under Vehumet
  1623 | D        | Bought a meat ration for 50 gold pieces
  1623 | D        | Bought a meat ration for 50 gold pieces
  1623 | D        | Bought a meat ration for 50 gold pieces
  1661 | D        | Offered knowledge of Iskenderun's Mystic Blast by Vehumet.
  1713 | D        | Noticed an unseen horror
  1714 | D        | Noticed an unseen horror
  1721 | D        | Killed an unseen horror
  1722 | D        | Killed an unseen horror
  1722 | D        | Reached **** piety under Vehumet
  1722 | D        | Reached skill level 16 in Earth Magic
  1830 | D        | Reached ***** piety under Vehumet
  1834 | D        | Offered knowledge of Bolt of Draining by Vehumet.
  1978 | D        | Offered knowledge of Venom Bolt by Vehumet.
  2188 | D        | Offered knowledge of Iron Shot by Vehumet.
  2196 | D        | Learned a level 6 spell: Iron Shot
  2237 | D        | Found Zagoabu's Jewellery Shoppe.
  2237 | D        | Found Cuwnypt's Magic Scroll Shop.
  2237 | D        | Found Loyroledgh's Antique Armour Boutique.
  2239 | D        | Found Vufiom's Weapon Emporium.
  2239 | D        | Found Yzaposh's Distillery.
  2239 | D        | Found Monysecw's Assorted Antiques.
  2239 | D        | Found Sathrergha's Jewellery Boutique.
  2239 | D        | Found Mysorgh's Assorted Antiques.
  2239 | D        | Found Fuun's Antique Weapon Shop.
  2239 | D        | Found Sagovyu's Jewellery Shoppe.
  2243 | D        | Found Jonaecai's Book Boutique.
  2244 | D        | Bought 17 stones for 23 gold pieces
  2244 | D        | Found Namixko's Antique Weapon Emporium.
  2244 | D        | Found Weahup's Book Boutique.
  2245 | D        | Found Bamo Warr's Distillery.
  2251 | D        | Learned a level 1 spell: Sandblast
  2252 | D        | Bought a scroll labeled FUACAUJ KAOSIO for 26 gold pieces
  2252 | D        | Bought a scroll labeled WEIFUKHL HUKUIW for 26 gold pieces
  2268 | D        | Bought a potion of invisibility for 96 gold pieces
  2322 | D        | Reached XP level 11. HP: 74/74 MP: 19/24
  2326 | D        | Noticed a shining eye
  2327 | D        | Paralysed by a floating eye for 3 turns
  2329 | D        | Noticed a shining eye
  2331 | D        | Noticed a shining eye
  2341 | D        | Killed a shining eye
  2343 | D        | Gained mutation: Scrolls take you a little longer to read. [a shining eye]
  2469 | D        | Gained mutation: You are clumsy. (Dex -2) [a shining eye]
  2476 | D        | Noticed a shining eye
  2477 | D        | Killed a shining eye
  2477 | D        | Paralysed by a floating eye for 2 turns
  2480 | D        | Killed a shining eye
  2480 | D        | Reached skill level 15 in Conjurations
  2547 | D        | Noticed a shining eye
  2549 | D        | Killed a shining eye
  2549 | D        | Reached ****** piety under Vehumet
  2549 | D        | Reached skill level 17 in Earth Magic
  2653 | D        | Noticed a shining eye
  2656 | D        | Killed a shining eye
  2656 | D        | Reached skill level 10 in Spellcasting
  2656 | D        | Reached skill level 10 in Fire Magic
  2700 | D        | Noticed a shining eye
  2703 | D        | Noticed a shining eye
  2704 | D        | Killed a shining eye
  2706 | D        | Gained mutation: Scrolls take you longer to read. [a shining eye]
  2707 | D        | Gained mutation: Your magical capacity is low. (-10% MP) [a shining eye]
  2709 | D        | Gained mutation: Armour fits poorly on your strangely shaped body. [a shining eye]
  2711 | D        | Killed a shining eye
  2711 | D        | Offered knowledge of Fireball by Vehumet.
  2715 | D        | Gained mutation: Your body sometimes deteriorates upon taking damage. [a shining eye]
  2716 | D        | Killed a shining eye
  2723 | D        | Learned a level 5 spell: Fireball
  2825 | D        | Found Sugh's Distillery.
  2825 | D        | Found Fyxir's Book Shoppe.
  2825 | D        | Found Hotirhov's Gadget Boutique.
  2825 | D        | Found Koasa's Book Emporium.
  2843 | D        | Bought a potion of mutation for 88 gold pieces
  2843 | D        | Lost mutation: Your magical capacity is low. (-10% MP) [potion of mutation]
  2843 | D        | Lost mutation: You are clumsy. (Dex -2) [potion of mutation]
  2843 | D        | Lost mutation: Armour fits poorly on your strangely shaped body. [potion of mutation]
  2843 | D        | Gained mutation: You are partially covered in thin metallic scales. (AC +2) [potion of mutation]
  2843 | D        | Gained mutation: Scrolls take you much longer to read. [potion of mutation]
  2843 | D        | Gained mutation: You are partially covered in icy blue scales. (AC +2) [potion of mutation]
  2928 | D        | Lost mutation: You are partially covered in icy blue scales. (AC +2) [potion of mutation]
  2928 | D        | Lost mutation: Your body sometimes deteriorates upon taking damage. [potion of mutation]
  2928 | D        | Gained mutation: You are somewhat resistant to further mutation. [potion of mutation]
  2940 | D        | Noticed a lindwurm
  2945 | D        | Killed a lindwurm
  3136 | D        | Noticed a lorocyproca
  3137 | D        | Offered knowledge of Irradiate by Vehumet.
  3137 | D        | Reached skill level 18 in Earth Magic
  3139 | D        | Killed a lorocyproca
  3573 | D        | Reached XP level 12. HP: 78/81 MP: 26/26
  3750 | D        | Offered knowledge of Conjure Ball Lightning by Vehumet.
  3995 | D        | Bought a potion of heal wounds for 60 gold pieces
  3995 | D        | Bought 2 potions of mutation for 192 gold pieces
  3995 | D        | Lost mutation: You are somewhat resistant to further mutation. [potion of mutation]
  3995 | D        | Lost mutation: You are partially covered in thin metallic scales. (AC +2) [potion of mutation]
  3995 | D        | Lost mutation: Scrolls take you much longer to read. [potion of mutation]
  3995 | D        | Lost mutation: Scrolls take you longer to read. [potion of mutation]
  3995 | D        | Gained mutation: Your magical capacity is low. (-10% MP) [potion of mutation]
  3995 | D        | Gained mutation: You passively map a small area around you. [potion of mutation]
  3996 | D        | Lost mutation: Scrolls take you a little longer to read. [potion of mutation]
  3996 | D        | Lost mutation: Your magical capacity is low. (-10% MP) [potion of mutation]
  3996 | D        | Lost mutation: You passively map a small area around you. [potion of mutation]
  3996 | D        | Gained mutation: Potions are less effective at restoring your health. [potion of mutation]
  3996 | D        | Gained mutation: Armour fits poorly on your strangely shaped body. [potion of mutation]
  3996 | D        | Gained mutation: Your flesh is heat resistant. (rF+) [potion of mutation]
  4005 | D        | Bought the macabre finger necklace {rN+} for 480 gold pieces
  4006 | D        | Bought an uncursed ring of fire for 300 gold pieces
  4010 | D        | Bought an uncursed ring of fire for 275 gold pieces
  4052 | D        | Bought a +2 pair of boots for 165 gold pieces
  4192 | D        | Noticed a 12-headed hydra
  4207 | D        | Killed a 12-headed hydra
  4346 | D        | Noticed a shadow dragon
  4346 | D        | Noticed a golden dragon
  4490 | D        | Noticed a deep elf annihilator
  4495 | D        | Killed a deep elf annihilator
  4495 | D        | Reached skill level 19 in Earth Magic
  4496 | D        | Offered knowledge of Bolt of Fire by Vehumet.
  4542 | D        | Noticed a mummy priest
  4548 | D        | Killed a mummy priest
  4548 | D        | Noticed a reaper
  4865 | D        | Noticed Lom Lobon
  4915 | D        | Killed from afar by Lom Lobon

Skill      XL: |  1  2  3  4  5  6  7  8  9 10 11 12 |
---------------+-------------------------------------+-----
Fighting       | 2 4 5 6 8 10 11 12 13 | 13.0
Spellcasting   | 3 4 5 7 8 9 10 11 | 11.2
Earth Magic    | 6 7 9 11 12 13 15 16 18 19 | 19.3
Conjurations   | 4 6 8 10 11 13 14 16 17 | 17.3
Fire Magic     | 6 8 11 12 | 12.9
Dodging        | |  1.5
Stealth        | |  2.1
Transmutations | |  0.7

Action                   |  1- 3 |  4- 6 |  7- 9 | 10-12 || total
-------------------------+-------+-------+-------+-------++-------
Melee: Unarmed           |     7 |       |       |       ||     7
       Mace              |       |       |       |    12 ||    12
 Cast: Sandblast         |     7 |     6 |     6 |    22 ||    41
       Stone Arrow       |       |     4 |    25 |    91 ||   120
       Lee's Rapid Decon |       |       |     3 |    26 ||    29
       Iron Shot         |       |       |       |    16 ||    16
       Fireball          |       |       |       |     3 ||     3
       Flame Tongue      |       |       |       |     1 ||     1
  Use: Potion            |     3 |       |       |     8 ||    11
       Scroll            |       |       |     3 |     4 ||     7
  Eat: Fruit             |       |       |     2 |     1 ||     3
       Royal jelly       |       |       |       |     3 ||     3
       Chunk             |       |       |       |     3 ||     3
       Bread ration      |       |       |       |     3 ||     3
Armor: Robe              |     2 |     1 |     1 |     8 ||    12
       Acid dragon scale |       |       |       |    25 ||    25
Dodge: Dodged            |       |     2 |     6 |    36 ||    44
